 Dungeon Crawl Stone Soup version 0.28.0-49-g6dfe1f597d (webtiles) character file.

Game seed: 7128324848089359415

17 Atelerd the Digger (level 2, -1/17 HPs)
             Began as an Octopode Earth Elementalist on May 12, 2022.
             Succumbed to a gnoll's poison
             ... on level 1 of the Dungeon.
             The game lasted 00:00:55 (876 turns).

Atelerd the Digger (Octopode Earth Elementalist)     Turns: 876, Time: 00:00:55

Health: -1/17      AC:  1    Str:  7    XL:     2   Next: 62%
Magic:  2/5        EV: 13    Int: 17    God:
Gold:   12         SH:  0    Dex: 12    Spells: 4/5 levels left

rFire   + . .      SeeInvis .   (no weapon)
rCold   . . .      Faith    .   (no shield)
rNeg    . . .      Spirit   .   (helmet restricted)
rPois   .          Reflect  .   (no amulet)
rElec   .          Harm     .   a - ring of protection from fire
rCorr   .          Rampage  .   (no ring)
Will    .....                   (no ring)
Stlth   +++.......              (no ring)
HPRegen 0.05/turn               (no ring)
MPRegen 0.09/turn               (no ring)
                                (no ring)
                                (no ring)

@: lethally poisoned (-1 -> -21)
A: almost no armour, amphibious, 8 rings, camouflage 1, gelatinous body 1,
(nimble swimmer 1), tentacles
a: no special abilities


You were on level 1 of the Dungeon.
You visited 1 branch of the dungeon, and saw 1 of its levels.

You collected 12 gold pieces.

Inventory:

Missiles
 b - 15 stones
Jewellery
 a - a ring of protection from fire (left tentacle)
Potions
 c - a potion of attraction {unknown}


   Skills:
 - Level 2.0 Dodging
 - Level 2.6 Stealth
 + Level 2.3 Spellcasting
 + Level 1.6 Transmutations
 + Level 3.2 Earth Magic


You had 4 spell levels left.
You knew the following spells:

 Your Spells              Type           Power      Damage    Failure   Level
a - Sandblast             Erth           26%        2d8       4%          1

Your spell library contained the following spells:

 Spells                   Type           Power      Damage    Failure   Level
 Passwall                 Tmut/Erth      8%         N/A       11%         2
 Stone Arrow              Conj/Erth      14%        3d7       28%         3
 Petrify                  Tmut/Erth      10%        N/A       56%         4


Dungeon Overview and Level Annotations

Branches:
Dungeon (1/15)

Altars:


Innate Abilities, Weirdness & Mutations

You cannot wear most types of armour.
You are amphibious.
You can wear up to eight rings at the same time.
Your skin changes colour to match your surroundings (Stealth+).
Your rubbery body absorbs attacks. (AC +1, EV +1)
((You are camouflaged when in or above water. (Stealth+)))
You have tentacles for arms and can constrict up to eight enemies at once.


Message History

You see here a hobgoblin corpse.
You open the door.
There is an open door here.
You open the large door.
There is a large open door here.
There is a large open door here.
c - an inky potion Key pressed, stopping explore.
No target in view!
No target in view!
You open the door.
There is an open door here.
A gnoll comes into view. It is wielding a +4 flail of venom.
A gnoll is nearby!
No reachable target in view!
A gnoll is nearby!
No reachable target in view!
A gnoll is nearby!
No reachable target in view!
A gnoll is nearby!
No reachable target in view!
No reachable target in view!
The gnoll shouts!
The blast of sand misses the gnoll.
The blast of sand hits the gnoll!
The gnoll is heavily wounded.
The gnoll hits you with a +4 flail of venom!
Ouch! That really hurt!
* * * LOW HITPOINT WARNING * * *
You are lethally poisoned!
You are too injured to fight recklessly!
You are too injured to fight recklessly!
Casting: Sandblast (safe; 4% risk of failure)
Confirm with . or Enter, or press ? or * to list all spells.
Aiming: Sandblast (safe; 4% risk of failure)
Press: ? - help, Shift-Dir - straight line, f/p - gnoll
Aim: a gnoll, wielding a +4 flail of venom (heavily wounded, 82% to hit)
The blast of sand hits the gnoll.
The gnoll is severely wounded.
You die...

###.##......#
###.##.##..##
##.. ..#
##......# #...
..# #......#
#..# ..#
####.#.# #..#
..# #......#
#... . ..#
#......# #..#
P.. ..#
#<...###
#..###.P...
.... #......#
#.@g...P...
.... #......#
##.###.P.P.
....
#.##.######'##
... ..#.
#......##....#
P ###
#......##....#
.
##.#.#.##....#
..
#......##....#
....
#......##....#
....
##.#.####....#


You could see a gnoll.

Vanquished Creatures
  2 giant cockroaches (D:1)
  2 hobgoblins (D:1)
  4 jackals (D:1)
  2 quokkas (D:1)
  A ball python (D:1)
  A bat (D:1)
  2 frilled lizards (D:1)
  A rat (D:1)
15 creatures vanquished.

Notes
Turn   | Place    | Note
-------+----------+-------------------------------------------
     0 | D:1      | Atelerd the Octopode Earth Elementalist began the quest for
                  | the Orb.
     0 | D:1      | Reached XP level 1. HP: 11/11 MP: 3/3
   304 | D:1      | Reached XP level 2. HP: 17/17 MP: 1/5
   876 | D:1      | Succumbed to a gnoll's poison

Illustrated notes

Levels and vault maps discovered:
D:1:      dpeg_arrival_ternary, layout_basic,
          ebering_ecumenical_altar_abandoned, nicolae_grassy_gnolls

Action                   || total
-------------------------++-------
Melee: Unarmed           ||    32
       Constrict         ||     9
       Tentacles         ||     8
 Cast: Sandblast         ||    15
 Stab: Sleeping          ||     1
Armor: Skin              ||     8
Dodge: Dodged            ||    40
